 Dungeon Crawl Stone Soup version 0.19.3 (console) character file.

972 Lahna the Basher (level 8, -3/48 HPs)
             Began as a Gargoyle Berserker on Jan 23, 2017.
             Was a Priest of Trog.
             Killed by Freeze
             ... invoked by Jynx's ghost
              (16 damage)
             ... on level 5 of the Dungeon.
             The game lasted 00:11:56 (4515 turns).

Lahna the Basher (Gargoyle Berserker)               Turns: 4515, Time: 00:11:56

Health: -3/48      AC: 17    Str: 21    XL:     8   Next: 16%
Magic:  8/8        EV:  9    Int:  8    God:    Trog [***...]
Gold:   135        SH:  0    Dex: 11    Spells: 0 memorised, 7 levels left

rFire  . . .     SeeInvis .     a - +0 mace
rCold  . . .     Gourm    .     D - +0 chain mail
rNeg   + . .     Faith    .     (no shield)
rPois  ∞         Spirit   .     m - +0 helmet
rElec  +         Reflect  .     (no cloak)
rCorr  .         Harm     .     (no gloves)
MR     .....                    k - +0 pair of boots
Stlth  ..........               (no amulet)
                                (no ring)
                                (no ring)

@: exhausted, slowed, very slow
A: negative energy resistance 1, electricity resistance, unbreathing,
petrification resistance, rot immunity, AC +5
a: Berserk, Trog's Hand, Burn Spellbooks, Renounce Religion


You were on level 5 of the Dungeon.
You worshipped Trog.
Trog was most pleased with you.
You were near starving.

You visited 2 branches of the dungeon, and saw 6 of its levels.

You collected 135 gold pieces.

Inventory:

Hand Weapons
 a - a +0 mace (weapon)
Armour
 k - a +0 pair of boots (worn)
 m - a +0 helmet (worn)
 D - a +0 chain mail (worn)
Jewellery
 A - a +6 amulet of reflection {unknown}
Wands
 y - a wand of acid (7/15)
 C - a wand of enslavement (14/24)
Scrolls
 b - a scroll of fear {unknown}
 d - a scroll of enchant armour {unknown}
 g - 8 scrolls of identify {unknown}
 j - 3 scrolls of blinking {unknown}
 l - 2 scrolls of amnesia {unknown}
 n - 2 scrolls of teleportation {unknown}
 p - a scroll of enchant weapon {unknown}
 r - a scroll of remove curse {unknown}
 t - a scroll of random uselessness {unknown}
 u - a scroll of magic mapping {unknown}
 x - a scroll of noise {unknown}
 G - a scroll of immolation {unknown}
Potions
 e - 3 potions of curing {unknown}
 f - 3 potions of berserk rage {unknown}
 h - a potion of agility {unknown}
 i - 3 potions of degeneration {unknown}
 o - a potion of flight {unknown}
 w - a potion of mutation {unknown}
 B - a potion of heal wounds {unknown}
Books
 F - a book of Necromancy

   Spells                             Type                      Level
   a - Pain                           Necromancy                   1
   b - Animate Skeleton               Necromancy                   1
   c - Vampiric Draining              Necromancy                   3
   d - Regeneration                   Charms/Necromancy            3
   e - Animate Dead                   Necromancy                   4
   f - Control Undead                 Necromancy                   4
   Trog disapproves of the use of such an item.
Comestibles
 c - 3 bread rations
 q - 12 fruits
 s - a slice of pizza
 v - a meat ration
 E - a royal jelly


   Skills:
 - Level 4.0 Fighting
 - Level 8.0 Maces & Flails
 - Level 5.0 Armour
 + Level 2.6 Dodging


You had 7 spell levels left.
You didn't know any spells.

Dungeon Overview and Level Annotations

Branches:
Dungeon (5/15)             Temple (1/1) D:4

Altars:
Fedhas
Kikubaaqudgha
Vehumet
Yredelemnul
Zin

Annotations:
D:5 Jynx's ghost, novice DsIE


Innate Abilities, Weirdness & Mutations

You are resistant to torment.
Your stone body is resilient. (AC +5)
You are immune to poison.
You resist negative energy. (rN+)
You are resistant to electric shocks. (rElec)
You can survive without breathing.
You are immune to petrification.
You are immune to rotting.


Message History

* * * LOW HITPOINT WARNING * * *
You hit Jynx's ghost.
Jynx's ghost is almost destroyed.
You miss Jynx's ghost.
Jynx's ghost is almost destroyed.
You are no longer berserk.
You are exhausted.
You feel yourself slow down.
The crimson imp blinks!
Jynx's ghost hits you but does no damage.
You hit Jynx's ghost but do no damage.
Jynx's ghost is almost destroyed.
Jynx's ghost hits you but does no damage.
The sky beast flickers out of sight!
Deactivating autopickup; reactivate with Ctrl-A.
You hit Jynx's ghost.
Jynx's ghost is almost destroyed.
Jynx's ghost hits you but does no damage.
Jynx's ghost casts a spell at you.
You are frozen.
You die...

.#.# . .... #.## #..# ##+#+ #....
#..# #.... .?....#### #..# #....
...5.{W@.# #..# #.... ......##.#
#..####.... .....
#.#####.....'.... ....
#.##....#####.... ... #.##.####
#(... #........########.......#
##'## $....................##.#
#.##
###################8+8#.######.##
###§........§§§§......#......#.##


You could see Jynx's ghost and a crimson imp.

Vanquished Creatures
  An ice beast (D:5)
  An ogre (Temple)
  A black bear (D:4)
  A necrophage (D:3)
  A centaur (D:5)
  A howler monkey (D:4)
  A bullfrog zombie (D:5)
  2 centaur skeletons
  A jelly (D:5)
  A bullfrog skeleton (D:4)
  2 iguanas (D:4)
  Ijyb (D:2)
  4 worker ants
  4 gnolls (D:4)
  5 adders
  2 oozes (D:3)
  An adder skeleton (D:4)
  5 worms
  2 dart slugs (D:1)
  2 leopard geckos
  3 orcs
  4 bats
  2 giant cockroaches
  6 goblins
  7 hobgoblins
  4 jackals (D:2)
  6 kobolds
  4 quokkas
  5 frilled lizards
  A leopard gecko skeleton (D:4)
  7 rats
88 creatures vanquished.

Notes
Turn   | Place    | Note
-------+----------+-------------------------------------------
     0 | D:1      | Lahna the Gargoyle Berserker began the quest for the Orb.
     0 | D:1      | Reached XP level 1. HP: 14/14 MP: 1/1
    59 | D:1      | Reached XP level 2. HP: 14/19 MP: 2/2
   578 | D:2      | Reached XP level 3. HP: 24/24 MP: 3/3
   630 | D:2      | Noticed Ijyb
   683 | D:2      | Killed Ijyb
   683 | D:2      | Reached skill level 4 in Maces & Flails
   754 | D:2      | Reached XP level 4. HP: 26/29 MP: 4/4
   793 | D:2      | Reached ** piety under Trog
  1305 | D:3      | Reached skill level 5 in Maces & Flails
  1343 | D:3      | Reached XP level 5. HP: 33/33 MP: 5/5
  1552 | D:3      | Found a faded altar of an unknown god.
  1910 | D:3      | Noticed a necrophage
  1928 | D:3      | Killed a necrophage
  1928 | D:3      | Reached skill level 6 in Maces & Flails
  1928 | D:3      | Reached XP level 6. HP: 26/38 MP: 6/6
  2142 | D:4      | Reached *** piety under Trog
  2537 | D:4      | Noticed a black bear
  2544 | D:4      | Found a staircase to the Ecumenical Temple.
  2564 | D:4      | Killed a black bear
  2564 | D:4      | Reached skill level 7 in Maces & Flails
  2867 | Temple   | Entered the Ecumenical Temple
  2881 | Temple   | HP: 2/57 [ogre/giant club (17)]
  2882 | Temple   | Reached XP level 7. HP: 2/43 MP: 7/7
  3381 | D:4      | Reached skill level 8 in Maces & Flails
  3777 | D:5      | Entered Level 5 of the Dungeon
  4125 | D:5      | Reached skill level 5 in Armour
  4125 | D:5      | Reached XP level 8. HP: 39/48 MP: 8/8
  4491 | D:5      | Noticed Jynx's ghost (novice DsIE)
  4515 | D:5      | Killed from afar by Jynx's ghost

Skill      XL: |  1  2  3  4  5  6  7  8 |
---------------+-------------------------+-----
Fighting       | 4 |  4.0
Maces & Flails | 4 5 6 7 8 |  8.0
Armour         | 5 |  5.0
Dodging        | 2 |  2.6

Action                   |  1- 3 |  4- 6 |  7- 9 || total
-------------------------+-------+-------+-------++-------
Melee: Mace              |   100 |   223 |   151 ||   474
Invok: Berserk           |       |     3 |     2 ||     5
  Eat: Chunk             |       |     8 |     7 ||    15
Armor: Ring mail         |    62 |   116 |    14 ||   192
       Chain mail        |       |       |    80 ||    80
Dodge: Dodged            |    71 |   167 |    56 ||   294
